Map: Acropolis LE

Players

TSGSolar (Solar)

  • Race: Zerg Zerg
  • League: Diamond
  • Spawn Location: 11:00

Zest - Winner!

  • Race: Protoss Protoss
  • League: Master
  • Spawn Location: 5:00

Event: HomeStory Cup XX

VOD

Have the link to the VOD?

Description

Time

  • Played on: Nov. 24, 2019, 10:35 a.m.
  • Length: 19:14

All games in this series

Show
View Real Time Build Order
Export as new Build Order

TSGSolar Zerg 

Build Orders: Hatch First 

Get SALT Encoding   

  12  0:01  Drone  
  13  0:12  Overlord  
  13  0:17  Drone  
  14  0:31  Drone x2  
  16  0:47  Hatchery  
  15  0:50  Drone  
  15  0:54  Drone  
  17  0:57  Drone  
  18  1:08  Extractor  
  17  1:12  Spawning Pool  
  17  1:15  Drone  
  17  1:19  Drone  
  18  1:28  Drone  
  19  1:38  Drone  
  20  1:46  Hatchery  
  19  1:49  Drone  
  20  2:00  Queen  
  22  2:03  Zergling x2  
  22  2:06  Drone  
  24  2:11  Drone  
  25  2:15  Overlord  
  25  2:21  Metabolic Boost  
  25  2:30  Queen  
  25  2:32  Zergling x2  
  25  2:34  Drone  
  29  2:38  Zergling x2  
  29  2:39  Drone  
  31  2:46  Queen  
  31  2:50  Drone  
  34  2:53  Drone  
  34  2:57  Drone  
  36  3:00  Zergling x4  
  36  3:07  Spore Crawler  
  36  3:10  Drone x2  
  37  3:13  Drone  
  37  3:19  Drone  
  38  3:24  Overlord  
  38  3:32  Queen  
  38  3:34  Drone  
  41  3:36  Overlord  
  41  3:43  Spore Crawler, Drone x2  
  41  3:46  Drone  
  41  3:48  Drone  
  44  3:49  Drone  
  44  3:50  Drone  
  44  3:52  Overlord  
  44  3:55  Drone  
  48  3:56  Drone  
  48  3:58  Drone  
  48  3:59  Drone  
  48  4:02  Drone  
  52  4:03  Drone  
  52  4:05  Drone  
  51  4:10  Drone x3  
  51  4:11  Drone  
  51  4:13  Zergling x2  
  55  4:17  Lair  
  55  4:20  Overlord  
  55  4:23  Drone x2  
  57  4:29  Roach Warren  
  57  4:30  Extractor  
  55  4:31  Overlord  
  55  4:32  Extractor  
  55  4:35  Drone x3  
  57  4:39  Zergling x6  
  57  4:42  Overlord  
  57  4:44  Drone x2  
  62  4:45  Drone  
  62  4:47  Drone  
  62  4:48  Drone  
  62  4:50  Zergling x4  
  62  4:51  Zergling x2  
  68  4:56  Overlord  
  68  4:57  Drone  
  69  5:00  Drone x2  
  69  5:02  Overlord  
  69  5:04  Zergling x2  
  72  5:10  Extractor  
  72  5:11  Roach x2  
  74  5:14  Zergling x2, Roach x3  
  74  5:15  Overseer  
  80  5:23  Overseer  
  80  5:24  Overlord  
  80  5:25  Drone  
  80  5:26  Extractor, Drone  
  81  5:30  Zergling x2, Roach x2  
  81  5:34  Spine Crawler  
  89  5:35  Zergling x2, Roach x2  
  89  5:39  Ravager  
  89  5:40  Ravager  
  89  5:41  Zergling x4, Overlord  
  93  5:46  Roach  
  93  5:48  Spine Crawler  
  93  5:49  Ravager  
  95  5:50  Zergling x2  
  95  5:51  Zergling x6  
  95  5:52  Overlord  
  95  5:56  Ravager  
  102  5:57  Zergling x4, Roach  
  102  6:01  Overlord  
  102  6:02  Roach  
  106  6:05  Zergling x4  
  106  6:06  Glial Reconstitution  
  106  6:09  Overlord  
  110  6:12  Drone  
  110  6:13  Drone  
  110  6:14  Pneumatized Carapace  
  112  6:18  Drone  
  112  6:20  Overseer  
  112  6:22  Drone  
  112  6:25  Evolution Chamber  
  113  6:26  Drone x3  
  113  6:27  Drone, Baneling Nest  
  113  6:30  Drone  
  117  6:33  Drone  
  117  6:35  Drone  
  119  6:40  Overlord  
  119  6:45  Hatchery  
  119  6:46  Drone x2  
  120  6:56  Zerg Melee Weapons Level 1  
  120  6:59  Zergling x18  
  128  7:01  Overlord  
  128  7:04  Drone  
  128  7:05  Drone  
  127  7:09  Centrifical Hooks  
  127  7:12  Drone  
  127  7:15  Overlord  
  128  7:17  Overlord  
  128  7:18  Drone x2  
  128  7:19  Overlord  
  128  7:20  Overseer  
  128  7:21  Drone  
  131  7:25  Overlord  
  131  7:26  Overlord  
  131  7:29  Ravager  
  133  7:30  Drone x5  
  133  7:33  Drone  
  133  7:34  Infestation Pit  
  136  7:37  Overlord  
  136  7:44  Drone  
  136  7:45  Zergling x8  
  136  7:46  Hatchery  
  136  7:49  Zergling x2  
  141  7:51  Baneling x11  
  141  7:53  Roach  
  141  7:54  Zergling x2  
  143  7:59  Drone x3  
  143  8:04  Spore Crawler, Drone  
  146  8:05  Spore Crawler  
  146  8:06  Drone  
  146  8:07  Spore Crawler, Drone  
  146  8:08  Queen  
  146  8:12  Queen  
  150  8:13  Spore Crawler  
  150  8:16  Queen  
  150  8:17  Drone  
  150  8:18  Drone, Evolution Chamber  
  150  8:19  Drone  
  153  8:21  Spore Crawler  
  153  8:23  Drone x3  
  153  8:26  Overlord  
  155  8:30  Overlord  
  155  8:33  Extractor  
  151  8:44  Ravager x3  
  151  8:45  Hive  
  154  8:48  Zergling x4  
  154  8:49  Zergling x20  
  154  8:50  Zerg Ground Armor Level 1  
  154  8:51  Zerg Melee Weapons Level 2  
  164  8:58  Drone  
  164  9:01  Extractor, Queen  
  164  9:02  Overlord  
  166  9:03  Queen x2  
  165  9:14  Overlord  
  165  9:15  Drone x2  
  165  9:16  Drone  
  167  9:17  Drone  
  167  9:20  Drone x2  
  167  9:21  Drone  
  167  9:22  Overlord  
  167  9:23  Drone  
  168  9:32  Zergling x2  
  168  9:33  Zergling x18  
  168  9:34  Hatchery  
  176  9:48  Drone  
  176  9:49  Drone x2  
  176  9:51  Zergling x4  
  176  9:52  Zergling x10  
  181  9:58  Adrenal Glands, Viper x2  
  187  10:00  Ultralisk Cavern  
  184  10:26  Baneling x10  
  184  10:27  Zergling x2  
  184  10:28  Zergling x10  
  185  10:45  Pathogen Glands  
  185  10:46  Drone x2  
  185  10:47  Drone x2  
  185  10:48  Chitinous Plating, Spire  
  187  10:51  Ultralisk x2  
  198  11:00  Zerg Ground Armor Level 2  
  198  11:04  Spore Crawler, Drone x2  
  198  11:09  Extractor, Drone  
  198  11:10  Drone x2  
  199  11:15  Drone  
  200  11:18  Baneling x6  
  200  11:19  Baneling x15  
  200  11:22  Spore Crawler x2, Drone  
  200  11:23  Spore Crawler, Drone x2  
  200  11:43  Zerg Melee Weapons Level 3  
  199  11:56  Baneling x25  
  199  12:05  Zerg Flyer Weapons Level 1  
  199  12:08  Zergling x2  
  199  12:09  Extractor  
  199  12:13  Drone  
  199  12:14  Spine Crawler  
  199  12:15  Drone  
  199  12:16  Spine Crawler  
  199  12:18  Drone, Spine Crawler  
  199  12:20  Drone x2  
  200  12:24  Anabolic Synthesis  
  189  12:45  Corruptor x9  
  189  12:51  Zergling x46  
  171  12:52  Zergling x6  
  171  12:56  Corruptor x3  
  183  12:59  Zergling x6  
  183  13:04  Corruptor x2, Queen x2  
  168  13:06  Zergling x2  
  168  13:09  Zergling x6  
  168  13:11  Corruptor x2  
  172  13:15  Zergling x6  
  172  13:17  Spore Crawler  
  174  13:20  Viper  
  174  13:22  Zergling x6  
  174  13:25  Spore Crawler  
  179  13:28  Extractor, Queen, Drone x3  
  179  13:29  Queen x2  
  179  13:31  Baneling x4  
  179  13:33  Corruptor x2  
  191  13:34  Zergling x6  
  191  13:40  Baneling x8  
  194  13:41  Zergling x6  
  195  13:49  Corruptor x2  
  195  13:51  Zergling x2  
  199  14:06  Hatchery  
  197  14:13  Zergling x8  
  197  14:15  Baneling x2  
  197  14:16  Baneling x9  
  197  14:17  Baneling x14  
  198  14:18  Zergling x4  
  198  14:23  Zerg Flyer Armor Level 1  
  190  14:38  Zergling x10  
  190  14:39  Zergling x10  
  186  14:47  Infestor x5  
  194  14:56  Drone x2  
  194  14:58  Spore Crawler x2  
  194  15:00  Neural Parasite  
  194  15:02  Infestor x2  
  194  15:05  Baneling x3  
  198  15:13  Baneling x2  
  195  15:17  Spore Crawler  
  195  15:19  Baneling  
  186  15:23  Zergling x14, Ultralisk  
  186  15:26  Baneling x11  
  199  15:34  Baneling x4  
  198  15:44  Zergling x2  
  199  15:55  Drone x4  
  199  15:58  Drone  
  199  16:03  Corruptor  
  199  16:04  Corruptor x4  
  198  16:17  Zerg Flyer Weapons Level 2, Zergling x4  
  195  16:26  Drone x4  
  195  16:30  Drone x2  
  197  16:37  Baneling x3  
  197  16:39  Zergling x6  
  200  16:46  Spire  
  197  17:01  Overseer x3  
  197  17:02  Zerg Missile Weapons Level 1  
  197  17:04  Drone x2  
  199  17:10  Extractor  
  199  17:11  Extractor  
  184  17:29  Infestor x5  
  188  17:31  Corruptor x7  
  188  17:33  Zergling x4  
  198  17:37  Baneling  
  198  17:40  Baneling x5  
  198  17:48  Zergling x22, Ultralisk  
  193  17:54  Ultralisk  
  193  17:55  Zergling x4  
  190  17:59  Baneling x3  
  190  18:00  Zergling x6  
  190  18:02  Corruptor x2  
  190  18:04  Corruptor  
  194  18:11  Zergling x6  
  194  18:17  Zergling x6  
  194  18:19  Baneling  
  193  18:20  Baneling x11  
  193  18:21  Baneling  
  193  18:23  Zergling x10  
  191  18:29  Zergling x2  
  191  18:32  Ultralisk  
  198  18:34  Baneling x2  
  198  18:36  Overlord x4  
  198  18:54  Zergling x2  
  198  18:55  Hatchery, Zergling x14  
Show
View Real Time Build Order
Export as new Build Order

Zest Protoss - Winner!

Build Orders: 1 Gate Expand 

Get SALT Encoding   

  12  0:00  Probe  
  13  0:12  Probe  
  14  0:18  Pylon  
  14  0:23  Probe  
  15  0:32  Probe  
  15  0:37  Gateway  
  15  0:40  Probe  
  16  0:47  Assimilator  
  17  0:52  Probe  
  18  1:04  Probe  
  19  1:16  Probe  
  20  1:24  Cybernetics Core  
  20  1:33  Nexus  
  20  1:36  Probe  
  21  1:42  Pylon  
  21  1:48  Probe  
  21  1:50  Assimilator  
  21  1:51  Adept  
  22  2:00  Probe  
  25  2:11  Adept  
  25  2:12  Probe  
  26  2:19  Robotics Facility  
  28  2:26  Probe  
  28  2:27  Warp Gate  
  29  2:38  Probe  
  29  2:43  Probe  
  30  2:45  Stalker  
  30  2:50  Probe  
  30  2:51  Probe  
  35  3:00  Probe  
  35  3:02  Probe  
  35  3:05  Warp Prism  
  37  3:12  Probe  
  38  3:14  Probe  
  39  3:21  Sentry  
  39  3:24  Probe, Gateway  
  39  3:26  Probe  
  43  3:40  Assimilator  
  45  3:42  Assimilator, Observer  
  45  3:46  Pylon  
  44  3:51  Probe x2  
  46  3:59  Immortal  
  46  4:09  Probe  
  48  4:19  Gateway  
  48  4:22  Gateway  
  48  4:23  Gateway  
  48  4:25  Gateway  
  48  4:28  Gateway  
  48  4:33  Gateway  
  48  4:34  Sentry x2  
  52  4:42  Pylon  
  52  4:46  Pylon  
  52  5:01  Adept x2  
  56  5:09  Pylon  
  56  5:28  Stalker x3  
  56  5:29  Zealot x5  
  56  5:32  Pylon  
  56  5:34  Pylon  
  72  5:42  Probe x2  
  74  5:50  Probe x2  
  76  6:00  Stalker x2, Probe x2  
  82  6:12  Probe x2  
  82  6:16  Nexus  
  84  6:19  Pylon  
  84  6:24  Probe x2  
  86  6:29  Stargate  
  86  6:30  Stargate  
  86  6:35  Pylon  
  86  6:36  Probe x2  
  86  6:37  Shield Battery  
  86  6:39  Shield Battery  
  88  6:47  Probe x2  
  90  6:55  Probe x2  
  92  7:04  Probe x2  
  92  7:08  Phoenix x2  
  94  7:09  Stalker x3  
  104  7:18  Probe  
  104  7:19  Probe  
  106  7:24  Pylon  
  106  7:27  Pylon  
  106  7:28  Pylon  
  106  7:31  Probe  
  106  7:32  Assimilator, Pylon  
  106  7:33  Assimilator  
  106  7:35  Phoenix  
  108  7:38  Probe  
  108  7:39  Protoss Air Weapons Level 1, Phoenix  
  108  7:42  Probe  
  108  7:43  Probe  
  114  7:49  Pylon  
  114  7:50  Probe  
  115  7:54  Probe  
  115  7:55  Probe  
  117  8:02  Probe  
  117  8:04  Phoenix x2  
  122  8:06  Probe  
  122  8:07  Probe  
  122  8:12  Pylon  
  124  8:13  Pylon  
  124  8:14  Probe  
  124  8:18  Pylon  
  125  8:20  Immortal  
  129  8:35  Probe x2, Fleet Beacon  
  129  8:36  Stargate  
  129  8:38  Gateway  
  129  8:40  Gateway  
  131  8:46  Probe  
  131  8:48  Probe  
  133  8:57  Stalker x3  
  133  8:58  Stalker x2  
  133  8:59  Stalker, Zealot  
  145  9:12  Observer  
  144  9:23  Carrier x3  
  161  9:54  Pylon  
  161  10:03  Pylon  
  161  10:06  Forge  
  161  10:08  Protoss Air Weapons Level 2  
  161  10:09  Twilight Council  
  161  10:13  Probe x2  
  150  10:17  Void Ray x3  
  150  10:18  Probe  
  150  10:25  Probe x2  
  164  10:30  Protoss Ground Weapons Level 1  
  164  10:41  Charge  
  164  10:52  Templar Archives  
  164  10:53  Gateway  
  164  10:54  Void Ray x3, Photon Cannon x2  
  164  10:56  Photon Cannon  
  176  11:08  Pylon  
  176  11:24  Nexus  
  176  11:29  Pylon  
  176  11:30  Assimilator  
  176  11:35  Assimilator, Immortal  
  176  11:37  Pylon  
  176  11:39  Robotics Facility  
  180  11:40  Robotics Facility  
  180  11:43  Psionic Storm  
  180  11:48  High Templar x2  
  184  11:58  Shield Battery  
  184  11:59  Shield Battery x2  
  184  12:00  Shield Battery  
  184  12:05  Shield Battery  
  184  12:06  Shield Battery  
  184  12:07  Pylon  
  184  12:09  Photon Cannon  
  184  12:10  Photon Cannon  
  184  12:12  High Templar x2  
  186  12:36  Archon  
  186  12:38  Protoss Shields Level 1  
  186  12:43  Archon  
  131  12:52  Zealot x8  
  131  12:53  Zealot x3  
  136  13:13  Observer x2  
  136  13:14  High Templar x5  
  136  13:16  Probe  
  136  13:17  Probe x3  
  152  13:23  Pylon  
  150  13:27  Shield Battery  
  150  13:28  Archon x2  
  150  13:29  Shield Battery, High Templar, Probe  
  153  13:35  Zealot x5  
  163  13:41  Void Ray x2  
  171  13:59  High Templar x2  
  169  14:03  Void Ray  
  169  14:04  Zealot x3  
  169  14:05  Zealot  
  175  14:21  Probe  
  175  14:23  Void Ray  
  176  14:28  High Templar x2  
  184  14:32  Archon  
  184  14:33  Zealot  
  184  14:37  Archon  
  181  14:46  Probe x4  
  181  14:47  Observer  
  179  14:55  High Templar x4  
  182  15:18  Assimilator  
  182  15:20  Sentry  
  182  15:21  High Templar x2  
  176  15:23  Observer  
  176  15:29  High Templar x2  
  176  15:34  Archon x2  
  180  15:42  Probe x4  
  183  15:51  Observer  
  183  15:56  Zealot x6  
  183  15:57  Zealot x3  
  186  16:09  Warp Prism  
  187  16:11  Observer  
  181  16:22  High Templar x6  
  191  16:25  Immortal  
  191  16:31  Warp Prism  
  179  16:38  Pylon  
  185  16:55  High Templar x2  
  185  16:59  Archon  
  185  17:00  High Templar x2, Zealot x3  
  199  17:04  Archon  
  199  17:21  Archon x2  
  180  17:23  Archon  
  180  17:34  Zealot x2  
  180  17:35  Zealot x6  
  164  18:00  High Templar x4  
  164  18:05  Archon x2  
  172  18:10  High Templar x2  
  172  18:11  Zealot x2  
  180  18:14  Observer  
  180  18:16  Archon  
  179  18:27  Probe  
  179  18:28  Probe x2  
  179  18:29  Probe  
  183  18:39  Probe  
  184  18:41  High Templar x2  
  184  18:46  Archon  
  178  19:02  Zealot x2  
Tags
 
Add a new tag
Caveats
  • Supply blocks, unpowered buildings, or Contaminate may cause inaccurate times.
  • Supply counts are checked every 10 seconds.